 Dungeon Crawl Stone Soup version 0.23-a0-49-gd9f7a49668 (webtiles) character file.

5292 Jupotter the Fighter (level 10, -11/93 HPs)
             Began as a Minotaur Monk on Aug 6, 2018.
             Was an Elder of Ashenzari.
             Mangled by a death knight
             ... wielding a +0 battleaxe
              (17 damage)
             ... on level 10 of the Dungeon.
             The game lasted 00:32:20 (10266 turns).

Jupotter the Fighter (Minotaur Monk)               Turns: 10266, Time: 00:32:21

Health: -11/93     AC: 18    Str: 18    XL:     10   Next: 37%
Magic:  3/3        EV:  9    Int: 13    God:    Ashenzari [****..]
Gold:   379        SH: 10    Dex: 13    Spells: 9/9 levels left

rFire    . . .     SeeInvis +   h - +2 hand axe (antimagic) (curse)
rCold    . . .     Gourm    .   m - +0 shield
rNeg     . . .     Faith    .   u - +4 chain mail (curse)
rPois    .         Spirit   .   (helmet restricted)
rElec    .         Reflect  .   (no cloak)
rCorr    .         Harm     .   (no gloves)
MR       .....     Clarity  +   v - +2 pair of boots {run} (curse)
Stlth    ..........             e - amulet of magic regeneration
HPRegen  0.25/turn              (no ring)
MPRegen  0.33/turn              (no ring)

@: brilliant, vulnerable, quick
A: retaliatory headbutt, horns 2
a: Curse Item, Scrying, Renounce Religion


You were on level 10 of the Dungeon.
You worshipped Ashenzari.
Ashenzari was greatly pleased with you.
You were not hungry.

You visited 1 branch of the dungeon, and saw 10 of its levels.
You also visited: Bailey.

You collected 559 gold pieces.
You spent 180 gold pieces at shops.

Inventory:

Hand Weapons
 a - a +1 mace
 h - a cursed +2 antimagic hand axe (weapon)
Missiles
 d - 7 tomahawks (quivered)
Armour
 k - a +2 cloak
 m - a +0 shield (worn)
 u - a cursed +4 chain mail (worn)
 v - a cursed +2 pair of boots of running (worn)
 x - a +0 crystal plate armour
Jewellery
 e - an amulet of magic regeneration (around neck)
 s - an uncursed ring of wizardry {Wiz+, !d}
Wands
 o - a wand of clouds (3)
 w - a wand of scattershot (5)
Scrolls
 i - 4 scrolls of identify
 n - a scroll of immolation {unknown}
 p - a scroll of fear {unknown}
 q - a scroll of random uselessness {unknown}
 y - 2 scrolls of enchant weapon
 C - a scroll of remove curse
 F - 2 scrolls of fog
 M - 3 scrolls of magic mapping {!r}
 T - 2 scrolls of teleportation
Potions
 g - a potion of lignification {unknown}
 j - a potion of brilliance
 l - 3 potions of flight
 r - a potion of degeneration {unknown}
 t - a potion of might {unknown}
 z - a potion of resistance {unknown}
Comestibles
 c - 14 rations


   Skills:
 * Level 9.9 Fighting
 * Level 8.8(12.4) Axes
 - Level 4.1(6.9) Maces & Flails
 + Level 2.9 Throwing
 * Level 8.9 Armour
 + Level 6.8 Dodging
 - Level 1.6 Stealth
 + Level 6.0 Shields


You had 9 spell levels left.
You didn't know any spells.
Your spell library contained the following spells:

 Spells                   Type           Power        Failure   Level  Hunger
 Spider Form              Tmut/Pois      #.........   89%         3    ####...
 Blade Hands              Tmut           #.........   100%        5    ######.
 Ice Form                 Ice/Tmut       #.......     99%         4    #####..
 Sticks to Snakes         Tmut           #.......     73%         2    ###....
 Beastly Appendage        Tmut           #.....       61%         1    ##.....


Dungeon Overview and Level Annotations

Branches:
Dungeon (10/15)            Temple (0/1) D:7            Lair (0/6) D:8
    Orc: D:9-12

Altars:
Ashenzari
Fedhas
Kikubaaqudgha
Nemelex Xobeh
Qazlal
Trog
Uskayaw
Wu Jian
Yredelemnul

Shops:
D:6 *

Annotations:
D:6 2 runed doors
D:9 2 transporters, exclusion: door, MirrMurr's ghost, novice DDBe


Innate Abilities, Weirdness & Mutations

You reflexively headbutt those who attack you in melee.
You have a pair of horns on your head.


Message History

The death knight is lightly wounded.
The phantasmal warrior is heavily damaged.
You hear a shout!
The death knight hits you but does no damage.
The death knight hits you with a battleaxe!!
Keep equipping yourself?
You stop putting on your armour.
* * * LOW HITPOINT WARNING * * *
Your chain mail prevents you from hitting the death knight.
The death knight is lightly wounded.
You hit the death knight but do no damage.
You headbutt the death knight.
The death knight is moderately wounded.
You block the death knight's attack.
You slash the death knight!
The death knight is moderately wounded.
Your chain mail prevents you from hitting the death knight.
The death knight is moderately wounded.
The death knight hits you with a battleaxe!
You die...

#.#.......###.#.......#####.#
# ###.####..†.....#....##.#
#.###
.....###........#....##.#
#....
.#.......##.##..##>#.##.#
#####
.................#.#{##.#
...#.#......##..zW{{....#
...#.#.#.......#W####.###
...#.#.#.#####.#p# *.#
.....#.#.......#@# .§*
.##.......######§# *#{#
.##.......# #..§§# p#*
###.......# #.#### *.z*
#.......# #.# *#W** * *
#.......# #.# ,*, * #.......#
#.# * , ,*,* #.......# #.#
*,, ,, , ######### #.#### , ,
* ,


You could see a death knight and a phantasmal warrior.

Vanquished Creatures
  A two-headed ogre (D:9)
  Maurice (D:9)
  Prince Ribbit (D:6)
  A hippogriff (D:9)
  Menkaure (D:6)
  2 soldier ants (D:9)
  2 water moccasins
  2 orc warriors (Bailey)
  4 black bears
  A sky beast (D:8)
  6 ice beasts
  3 phantoms
  4 ogres
  Blork the orc (D:5)
  A wyvern zombie (D:6)
  A bullfrog (D:6)
  A scorpion (D:6)
  2 killer bees (D:7)
  A water moccasin skeleton (D:9)
  6 crimson imps
  2 centaur zombies
  A quasit (D:9)
  3 hounds
  A jelly (D:9)
  3 orc priests
  2 centaur skeletons
  5 orc wizards
  An iguana (D:7)
  Natasha (twice) (D:4)
  6 worker ants
  A killer bee zombie (D:9)
  A hound zombie (D:6)
  2 hound skeletons
  3 gnolls (D:8)
  11 adders
  A shadow imp (D:9)
  2 worms
  3 adder skeletons
  2 adder zombies
  2 dart slugs (D:1)
  5 leopard geckos
  29 orcs
  8 bats
  9 giant cockroaches
  14 goblins
  8 hobgoblins
  7 jackals
  6 kobolds
  7 quokkas
  4 frilled lizards
  A leopard gecko skeleton (D:4)
  A quokka skeleton (D:9)
  A quokka zombie (D:6)
  4 rats
200 creatures vanquished.

Notes
Turn   | Place    | Note
-------+----------+-------------------------------------------
     0 | D:1      | Jupotter the Minotaur Monk began the quest for the Orb.
     0 | D:1      | Reached XP level 1. HP: 19/19 MP: 0/0
    99 | D:1      | Reached XP level 2. HP: 17/27 MP: 1/1
   108 | D:1      | Reached skill level 1 in Armour
   438 | D:1      | Reached skill level 4 in Fighting
   492 | D:1      | Reached XP level 3. HP: 29/33 MP: 0/2
   848 | D:2      | Reached skill level 1 in Axes
  1096 | D:2      | Found a shattered altar of Ashenzari.
  1100 | D:2      | Reached XP level 4. HP: 38/41 MP: 1/3
  1188 | D:2      | Became a worshipper of Ashenzari the Shackled
  1188 | D:2      | Reached * piety under Ashenzari
  1188 | D:2      | Reached ** piety under Ashenzari
  2243 | D:4      | Found a blossoming altar of Fedhas.
  2249 | D:4      | Noticed an ogre
  2256 | D:4      | Killed an ogre
  2256 | D:4      | Reached skill level 1 in Shields
  2256 | D:4      | Reached XP level 5. HP: 19/47 MP: 1/4
  2477 | D:4      | Found an ancient bone altar of Kikubaaqudgha.
  2477 | D:4      | Found an ornate altar of the Wu Jian Council.
  2535 | D:4      | Noticed an ogre
  2544 | D:4      | Killed an ogre
  2544 | D:4      | Reached skill level 5 in Fighting
  2544 | D:4      | Reached XP level 6. HP: 56/56 MP: 1/5
  2659 | D:4      | Noticed Natasha
  2669 | D:4      | Killed Natasha
  2879 | D:4      | Noticed Natasha
  2896 | D:4      | Killed Natasha
  3039 | D:5      | Entered Level 5 of the Dungeon
  3365 | D:5      | Noticed Blork the orc
  3377 | D:5      | Killed Blork the orc
  3507 | D:5      | Reached XP level 7. HP: 58/62 MP: 2/6
  3568 | D:5      | Reached skill level 6 in Fighting
  4092 | D:5      | Reached skill level 5 in Armour
  4447 | D:5      | Reached skill level 5 in Axes
  4447 | D:5      | Reached XP level 8. HP: 49/71 MP: 2/7
  4832 | D:6      | Found a bloodstained altar of Trog.
  4867 | D:6      | Reached skill level 5 in Dodging
  4913 | D:6      | Noticed Menkaure
  4921 | D:6      | Killed Menkaure
  4921 | D:6      | Reached skill level 7 in Fighting
  5209 | D:6      | Found a hide-covered altar of Uskayaw.
  5215 | D:6      | Noticed a dagger
  5215 | D:6      | Noticed a hand axe
  5257 | D:6      | Found Methi's Serpentskin Sales.
  5265 | D:6      | Bought 8 poisoned tomahawks for 80 gold pieces
  5265 | D:6      | Bought 3 poisoned tomahawks for 30 gold pieces
  5265 | D:6      | Bought 7 poisoned tomahawks for 70 gold pieces
  5522 | D:6      | Found a runed door.
  5603 | D:6      | Found a runed door.
  5669 | D:6      | Noticed Prince Ribbit
  5691 | D:6      | Killed Prince Ribbit
  5956 | D:7      | Reached skill level 8 in Fighting
  5975 | D:7      | Reached XP level 9. HP: 5/81 MP: 2/8
  5976 | D:7      | HP: 4/81 [poisoned by a killer bee]
  5983 | D:7      | HP: 4/81 [poisoned by a killer bee]
  5991 | D:6      | HP: 4/81 [poisoned by a killer bee]
  6364 | D:7      | Found a flagged portal.
  6380 | Bailey   | Entered a bailey
  6397 | Bailey   | Reached *** piety under Ashenzari
  6576 | Bailey   | Noticed an orc knight
  7093 | Bailey   | Identified a +2 pair of boots of running (You found it in a bailey)
  7144 | D:7      | Found a staircase to the Ecumenical Temple.
  7405 | D:7      | Reached skill level 1 in Throwing
  7756 | D:8      | Found a stormy altar of Qazlal.
  7918 | D:8      | Found a staircase to the Lair.
  7936 | D:8      | Reached skill level 5 in Shields
  8592 | D:9      | Reached skill level 9 in Fighting
  8670 | D:9      | Found a transporter.
  8670 | D:9      | Noticed MirrMurr's ghost (novice DDBe)
  8822 | D:9      | Found a transporter.
  8955 | D:9      | Identified the ring of Moderation {*Corrode rN+ MR+ Int+2 SInv}
  8956 | D:9      | Reached **** piety under Ashenzari
  9026 | D:9      | Noticed Maurice
  9040 | D:9      | Noticed a two-headed ogre
  9074 | D:9      | Killed a two-headed ogre
  9074 | D:9      | Reached XP level 10. HP: 33/91 MP: 3/9
  9088 | D:9      | Killed Maurice
  9108 | D:9      | Found a basalt altar of Yredelemnul.
  9108 | D:9      | Found a sparkling altar of Nemelex Xobeh.
 10046 | D:9      | Noticed a centaur warrior
 10046 | D:9      | Noticed a yaktaur captain
 10046 | D:9      | Noticed a deep troll
 10074 | D:10     | Entered Level 10 of the Dungeon
 10236 | D:10     | Noticed a death knight
 10236 | D:10     | Noticed a phantasmal warrior
 10236 | D:10     | Noticed a skeletal warrior
 10266 | D:10     | Mangled by a death knight

Vault maps used:
D:1:      lemuel_arrival_river_bridge
D:2:      ashenzari_altar_1, serial_forest, infiniplex_forest_clump_large,
          infiniplex_forest_lined_3_way, infiniplex_forest_clump_C,
          infiniplex_forest_clump_diagonal, infiniplex_forest_clump_tiny,
          infiniplex_forest_lined_3_way, infiniplex_forest_clump_C
D:3:      serial_co_window_serial, co_window_corner_a, co_window_paths_a,
          co_window_of_opportunity_a, co_window_paths_b,
          co_window_of_opportunity_a, co_window_broadway_b,
          co_window_unsneaky_path_b, co_window_unsneaky_path_a,
          co_window_broadway_b, co_window_4corner_a, glass_columns_a,
          glass_columns_a
D:4:      nicolae_overflow_hidden_temple, gammafunk_temple_overflow_wave,
          first_ration, uniq_natasha
D:5:      uniq_blork_the_orc
D:6:      lemuel_insect_pit, dancing_weapons_uskayaw, kennysheep_mini_moat,
          guppyfry_shop_venom, uniq_menkaure, uniq_prince_ribbit1
D:7:      minmay_temple_entry_junction_2, enter_bailey_3,
          small_statue_intersection
D:8:      grunt_qazlal_sundering, lair_entry_dummy
D:9:      chequers_temple_overflow_statue_of_worship,
          gammafunk_ghost_stat_death, hangedman_pestilent_swarm,
          minivault_25_ag, grunt_ministairs_13, uniq_maurice
D:10:     ploomutoo_gammafunk_ghost_potion_laboratory, introduction_to_nature_2
Bailey:   bailey_polearm_1, bailey

Skill      XL: |  1  2  3  4  5  6  7  8  9 10 |
---------------+-------------------------------+-----
Armour         | 1 2 3 4 5 6 8 |  8.9
Maces & Flails | 4 |  4.1
Fighting       | 4 5 6 8 9 |  9.9
Axes           | 1 2 3 5 6 8 |  8.8
Dodging        | 4 5 6 |  6.8
Shields        | 1 2 3 4 5 6 |  6.0
Throwing       | 2 |  2.9
Stealth        | |  1.6

Action                   |  1- 3 |  4- 6 |  7- 9 | 10-12 || total
-------------------------+-------+-------+-------+-------++-------
Melee: Mace              |    36 |       |       |       ||    36
       Headbutt          |     9 |    23 |    66 |    40 ||   138
       Hand axe          |    48 |   111 |   462 |   121 ||   742
Throw: Tomahawk          |       |       |    40 |       ||    40
Invok: Curse Item        |       |     1 |     2 |       ||     3
Evoke: Wand              |       |       |       |     3 ||     3
  Use: Scroll            |       |     4 |     3 |     3 ||    10
       Potion            |       |       |     3 |     2 ||     5
 Stab: Sleeping          |     2 |     2 |     1 |       ||     5
       Distracted        |       |       |     1 |       ||     1
  Eat: Chunk             |     1 |     7 |     7 |     2 ||    17
       Ration            |       |       |     3 |     1 ||     4
Armor: Robe              |    16 |     4 |       |       ||    20
       Ring mail         |       |    10 |    61 |       ||    71
       Skin              |       |     3 |       |       ||     3
       Chain mail        |       |       |    70 |    46 ||   116
Dodge: Dodged            |    63 |    41 |   164 |    29 ||   297
Block: Shield            |     2 |    38 |   200 |    46 ||   286

Table legend:
 A = Spawn XP
 B = Non-spawn XP
 C = Spawn XP percentage of total XP
 D = Spawn monster count
 E = Non-spawn monster count
 F = Spawn count percentage of total count
 G = Total turns spent on level
                    A         B        C        D         E        F      G
               +---------+---------+-------+---------+---------+-------+---------
         Total |       0 |    7561 |   0.0 |       0 |     200 |   0.0 | 10266
               +---------+---------+-------+---------+---------+-------+---------
           D:1 |       0 |      49 |   0.0 |       0 |      24 |   0.0 |   690
           D:2 |       0 |      68 |   0.0 |       0 |      26 |   0.0 |   779
           D:3 |       0 |      11 |   0.0 |       0 |       6 |   0.0 |   722
           D:4 |       0 |     365 |   0.0 |       0 |      12 |   0.0 |   848
           D:5 |       0 |     977 |   0.0 |       0 |      26 |   0.0 |  1780
           D:6 |       0 |    1137 |   0.0 |       0 |      20 |   0.0 |  1442
           D:7 |       0 |     914 |   0.0 |       0 |      22 |   0.0 |   741
           D:8 |       0 |     569 |   0.0 |       0 |      12 |   0.0 |   820
           D:9 |       0 |    2827 |   0.0 |       0 |      34 |   0.0 |  1519
          D:10 |       0 |     351 |   0.0 |       0 |       7 |   0.0 |   192
        Bailey |       0 |     293 |   0.0 |       0 |      11 |   0.0 |   733
               +---------+---------+-------+---------+---------+-------+---------
